 Dungeon Crawl Stone Soup version 0.27-a0-898-g810843a28d (webtiles) character file.

Game seed: 11469348814512903817

201 wakim the Cudgeller (level 5, 47/47 HPs)
             Began as a Minotaur Fighter on Apr 5, 2021.
             Was a Follower of Sif Muna.
             Quit the game on level 3 of the Dungeon.
             The game lasted 00:06:27 (2638 turns).

wakim the Cudgeller (Minotaur Fighter)              Turns: 2638, Time: 00:06:28

Health: 47/47      AC:  7    Str: 21    XL:     5   Next: 50%
Magic:  4/4        EV:  7    Int:  5    God:    Sif Muna [*.....]
Gold:   81         SH: 11    Dex: 16    Spells: 4/4 levels left

rFire    . . .     SeeInvis .   a - +0 flail
rCold    . . .     Faith    .   c - +1 kite shield
rNeg     . . .     Spirit   .   b - +0 scale mail
rPois    .         Reflect  .   (helmet restricted)
rElec    .         Harm     .   (no cloak)
rCorr    .         Rampage  .   (no gloves)
Will     .....                  (no boots)
Stlth    ..........             (no amulet)
HPRegen  0.15/turn              d - +6 ring of dexterity
MPRegen  0.09/turn              (no ring)

@: no status effects
A: horns 2, retaliatory headbutt
a: Renounce Religion, Channel Magic


You were on level 3 of the Dungeon.
You worshipped Sif Muna.
Sif Muna was aware of your devotion.
You visited 1 branch of the dungeon, and saw 3 of its levels.

You collected 81 gold pieces.

Inventory:

Hand Weapons
 a - a +0 flail (weapon)
Missiles
 e - 21 bolts
Armour
 b - a +0 scale mail (worn)
 c - a +1 kite shield (worn)
Jewellery
 d - a +6 ring of dexterity (left hand)
Potions
 f - a potion of heal wounds {unknown}
 h - a potion of berserk rage {unknown}
 l - a potion of curing {unknown}
 H - a potion of haste
 N - 6 potions of might


   Skills:
 + Level 4.7 Fighting
 * Level 4.8 Maces & Flails
 + Level 4.6 Armour
 + Level 4.6 Shields


You had 4 spell levels left.
You didn't know any spells.
Your spell library contained the following spells:

 Spells                   Type           Power      Damage    Failure   Level
 Confusing Touch          Hex            0%         N/A       100%        3
 Gell's Gravitas          Tloc           0%         N/A       100%        3
 Petrify                  Tmut/Erth      0%         N/A       100%        4
 Metabolic Englaciation   Hex/Ice        0%         N/A       100%        5
 Yara's Violent Unravell  Hex/Tmut       0%         3d3       100%        5


Dungeon Overview and Level Annotations

Branches:
Dungeon (3/15)

Altars:
Kikubaaqudgha
Sif Muna


Innate Abilities, Weirdness & Mutations

You have a pair of horns on your head.
You reflexively headbutt those who attack you in melee.


Message History

Your headbutt misses the frilled lizard.
You block the frilled lizard's attack.
You hit the frilled lizard but do no damage.
Your headbutt misses the frilled lizard.
You block the frilled lizard's attack.
You closely miss the frilled lizard. You headbutt the frilled lizard.
You kill the frilled lizard!
Sif Muna accepts your kill.
You see here a frilled lizard corpse.
Unknown command.
A bat comes into view.
A ball python comes into view.
The ball python hisses angrily.
You block the bat's attack.
You barely miss the bat. The bat barely misses you.
The bat hits you but does no damage. You block the bat's attack.
You thump the bat!
You kill the bat!
Sif Muna accepts your kill. You block the ball python's attack.
The ball python grabs you. The ball python constricts you.
You hit the ball python.
You kill the ball python!
Sif Muna accepts your kill.
No target in view!
No target in view!
No target in view!
No target in view!
No target in view!
No target in view!
No target in view!
No target in view!
No target in view!
No target in view!
No target in view!
No target in view!
No target in view!
No target in view!
No target in view!
Are you sure you want to abandon this character and quit the game? (Confirm with "yes".)

.. #..# #.# #. .... #..#
#.# #. ... #..# #.# #.
####.####..#######.#..#.
#..................#..#
#..........######..#..#.
#..........# #..#..#.
#......†...# #..#..#.
#......@...# #..#..#.
#..........# #.†#..#.
#..........# #..#..#.
#####..###.######..#..#.
#.. ............... #..
.############. #.. ..
.......... #..
...#######


There were no monsters in sight!

Vanquished Creatures
  An orc priest (D:2)
  A centaur skeleton (D:2)
  3 gnolls
  4 adders (D:2)
  A worm (D:2)
  2 dart slugs (D:2)
  3 orcs (D:2)
  6 ball pythons
  4 endoplasms
  A giant cockroach (D:2)
  9 goblins
  6 hobgoblins
  4 jackals (D:2)
  4 kobolds
  9 bats
  4 frilled lizards
  9 rats
71 creatures vanquished.

Notes
Turn   | Place    | Note
-------+----------+-------------------------------------------
     0 | D:1      | wakim the Minotaur Fighter began the quest for the Orb.
     0 | D:1      | Reached XP level 1. HP: 19/19 MP: 0/0
   275 | D:1      | Reached XP level 2. HP: 27/27 MP: 1/1
   974 | D:2      | Reached XP level 3. HP: 23/33 MP: 2/2
  1451 | D:2      | Found an ancient bone altar of Kikubaaqudgha.
  1739 | D:1      | Reached XP level 4. HP: 40/40 MP: 3/3
  1922 | D:2      | Reached XP level 5. HP: 45/47 MP: 4/4
  2553 | D:3      | Found a faded altar of an unknown god.
  2559 | D:3      | Became a worshipper of Sif Muna the Loreminder
  2559 | D:3      | Reached * piety under Sif Muna
  2638 | D:3      | Quit the game

Illustrated notes

Levels and vault maps discovered:
D:1:      onia_arrival_handbag, layout_loops_corners, dk_noncrumbling_4
D:2:      minmay_razor_zed, layout_basic, basic_altar
D:3:      layout_basic, ebering_ghost_reflecting_pool, serial_shops, shop,
          basic_ecumenical_altar, nicolae_underground_beach

Skill      XL: |  1  2  3  4 |
---------------+-------------+-----
Maces & Flails | 3 4 |  4.8
Fighting       | 4 |  4.7
Armour         | 4 |  4.6
Shields        | 4 |  4.6

Action                   |  1- 3 |  4- 6 || total
-------------------------+-------+-------++-------
Melee: Flail             |    90 |    82 ||   172
       Headbutt          |    13 |     9 ||    22
Throw: Boomerang         |     3 |       ||     3
  Use: Scroll            |     3 |     3 ||     6
Armor: Scale mail        |    52 |    38 ||    90
Dodge: Dodged            |    38 |    29 ||    67
Block: Kite shield       |    73 |    62 ||   135

Table legend: (Time is in decaauts)
 A = Elapsed time spent in this place.
 B = Non-inter-level travel time spent in this place.
 C = Inter-level travel time spent in this place.
 D = Time resting spent in this place.
 E = Time spent auto-exploring this place.
 F = Levels seen in this place.
 G = Mean time per level.
                   A        B        C        D        E       F      G
               +--------+--------+--------+--------+--------+-----+--------+
         Total |   2715 |   2674 |     41 |      0 |   2143 |   3 |  905.0 |
       Dungeon |   2715 |   2674 |     41 |      0 |   2143 |   3 |  905.0 |
               +--------+--------+--------+--------+--------+-----+--------+

Top non-repeatable levels by time:
     D:2: 1301 daAuts
     D:1: 1191 daAuts
     D:3: 221 daAuts
